 Dungeon Crawl Stone Soup version 0.27.1-33-g824d729ab1 (webtiles) character file.

Game seed: 15120650997407077379

119627 McKennaii the Eclecticist (level 15, -4/99 HPs)
             Began as a Demigod Conjurer on Dec 4, 2021.
             Slain by Jorgrun (5 damage)
             ... while petrified by Jorgrun
             ... on level 2 of the Swamp.
             The game lasted 01:17:43 (41796 turns).

McKennaii the Eclecticist (Demigod Conjurer)       Turns: 41796, Time: 01:17:44

Health: -4/99      AC: 18    Str: 10    XL:     15   Next: 81%
Magic:  18/48      EV:  2    Int: 40    God:
Gold:   1463       SH:  0    Dex: 20    Spells: 31/44 levels left

rFire    + + +     SeeInvis .   R - +10 war axe of Debt {chaos, rElec rPois Str-5 Int+6}
rCold    + + .     Faith    .   z - +4 kite shield of the Zebra {rPois rF+ Dex+3}
rNeg     + + +     Spirit   .   Z - +2 ring mail {rF+}
rPois    ∞         Reflect  +   k - +0 helmet of Privacy {rC++ MP+9 Int-2}
rElec    +         Harm     .   c - +0 cloak
rCorr    .         Rampage  .   f - +2 pair of gloves {Str+3}
Will     +....                  X - +0 pair of boots
Stlth    ++........             C - amulet of Dishonour {Reflect rN++ SH+5}
HPRegen  0.26/turn              W - ring "Kunnanam" {rF+ Dex+5}
MPRegen  0.31/turn              m - +4 ring of protection

@: petrified
A: high mp 1, forlorn
a: no special abilities


You were on level 2 of the Swamp.
You visited 5 branches of the dungeon, and saw 26 of its levels.

You collected 2882 gold pieces.
You spent 1419 gold pieces at shops.

Inventory:

Hand Weapons
 M - a +0 glaive of protection
 R - the +10 war axe of Debt (weapon) {chaos, rElec rPois Str-5 Int+6}
   (You found it on level 3 of the Lair of Beasts)

   Each time it hits an enemy it has a different, random effect.
   Str:       It affects your strength (-5).
   Int:       It affects your intelligence (+6).
   rElec:     It insulates you from electricity.
   rPois:     It protects you from poison.
Armour
 c - a +0 cloak (worn)
 f - a +2 pair of gloves of strength (worn)
 k - the +0 helmet of Privacy (worn) {rC++ MP+9 Int-2}
   (You bought it in a shop on level 1 of the Snake Pit)

   Int:       It affects your intelligence (-2).
   rC:        It greatly protects you from cold.
   MP:        It affects your magic capacity (+9).
 z - the +4 kite shield of the Zebra (worn) {rPois rF+ Dex+3}
   (You acquired it on level 15 of the Dungeon)

   Dex:       It affects your dexterity (+3).
   rF:        It protects you from fire.
   rPois:     It protects you from poison.
 X - a +0 pair of boots (worn)
 Z - a +2 ring mail of fire resistance (worn)
Jewellery
 m - a +4 ring of protection (right hand)
 y - a ring of positive energy
 C - the amulet of Dishonour (around neck) {Reflect rN++ SH+5}
   (You took it off an orc on level 8 of the Dungeon)

   [amulet of reflection]

   It reflects blocked missile attacks.
   rN:        It greatly protects you from negative energy.
   SH:        It affects your SH (+5).
 I - a ring of see invisible
 S - a ring of wizardry
 W - the ring "Kunnanam" (left hand) {rF+ Dex+5}
   (You found it on level 6 of the Lair of Beasts)

   [ring of protection from fire]

   Dex:       It affects your dexterity (+5).
   rF:        It protects you from fire.
Wands
 a - a wand of polymorph (9)
 h - a wand of paralysis (12)
 j - a wand of flame (56)
 v - a wand of acid (9)
 D - a wand of iceblast (16)
 F - a wand of digging (12)
 V - a wand of mindburst (14)
Scrolls
 e - 4 scrolls of magic mapping
 g - 14 scrolls of teleportation
 i - 4 scrolls of enchant weapon
 o - 2 scrolls of silence
 q - 9 scrolls of identify
 r - 3 scrolls of immolation {unknown}
 t - 2 scrolls of vulnerability {unknown}
 u - 4 scrolls of summoning
 A - a scroll of holy word {unknown}
 E - a scroll of brand weapon
 H - 3 scrolls of fog
 J - 2 scrolls of amnesia
 N - 2 scrolls of fear
Potions
 b - 4 potions of invisibility
 d - 12 potions of curing
 n - 5 potions of heal wounds
 p - a potion of attraction
 s - 5 potions of haste
 w - 6 potions of lignification
 x - 6 potions of degeneration
 B - 3 potions of magic
 G - 3 potions of brilliance
 K - 9 potions of ambrosia
 L - 4 potions of flight
 P - a potion of cancellation
 Q - 3 potions of mutation
 T - a potion of resistance {unknown}
 U - 3 potions of might


   Skills:
 - Level 4.0 Armour
 - Level 13.3 Dodging
 - Level 1.7 Stealth
 + Level 9.2 Shields
 - Level 15.0 Spellcasting
 - Level 15.0 Conjurations
 + Level 6.2 Earth Magic


You had 31 spell levels left.
You knew the following spells:

 Your Spells              Type           Power      Damage    Failure   Level
a - Magic Dart            Conj           100%       1d8       0%          1
b - Searing Ray           Conj           100%       3d7       1%          2
c - Iskenderun's Mystic   Conj/Tloc      74%        2d15      2%          4
d - Iron Shot             Conj/Erth      43%        9d8       11%         6

Your spell library contained the following spells:

 Spells                   Type           Power      Damage    Failure   Level
 Foxfire                  Conj/Fire      100%       2x1d9     1%          1
 Sandblast                Erth           100%       2d20      1%          1
 Dazzling Flash           Conj/Hex       100%       N/A       1%          3
 Passwall                 Tmut/Erth      44%        N/A       2%          2
 Fulminant Prism          Conj/Hex       37%        3d18      2%          4
 Irradiate                Conj/Tmut      37%        3d26      7%          5
 Sublimation of Blood     Necr           15%        N/A       9%          2
 Wereblood                Tmut           30%        N/A       9%          2
 Lee's Rapid Deconstruct  Erth           34%        3d18*     12%         5
 Gell's Gravitas          Tloc           15%        N/A       16%         3
 Lesser Beckoning         Tloc           15%        N/A       16%         3
 Ozocubu's Armour         Ice            30%        N/A       16%         3
 Teleport Other           Tloc           30%        N/A       16%         3
 Petrify                  Tmut/Erth      53%        N/A       16%         4
 Summon Lightning Spire   Summ/Air       30%        N/A       47%         4
 Summon Forest            Summ/Tloc      15%        N/A       83%         5
 Summon Mana Viper        Hex/Summ       30%        N/A       83%         5
 Yara's Violent Unravell  Hex/Tmut       15%        3d8       83%         5
 Statue Form              Tmut/Erth      35%        N/A       93%         6
 Shadow Creatures         Summ           N/A        N/A       100%        6
 Ozocubu's Refrigeration  Ice            15%        4d8       100%        7
 Summon Hydra             Summ           15%        N/A       100%        7
 Necromutation            Tmut/Necr      15%        N/A       100%        8
 Fire Storm               Conj/Fire      37%        8d9       100%        9


Dungeon Overview and Level Annotations

Branches:
Dungeon (15/15)            Temple (0/1) D:7            Lair (6/6) D:8
  Swamp (2/4) Lair:3        Snake (1/4) Lair:3        Slime (0/5) Lair:5
    Orc (2/2) D:9             Elf (0/3) Orc:2        Vaults (0/5) D:13
 Depths (0/5) D:15

Shops:
D:4 [   D:5 ==!(=   D:10 ?   D:15 *   Orc:2 [=[*   Snake:1 [

Portals:
Abyss: Lair:6

Annotations:
Lair:1 exclusion: 3 oklob plants
Swamp:2 Jorgrun
Snake:1 Aizul


Innate Abilities, Weirdness & Mutations

Your attributes grow dramatically as you level up.
You have an increased reservoir of magic. (+10% MP)
You shall have no god before yourself.


Message History

You erupt in a blast of force!
The mystic blast hits the bunyip!!
The bunyip is moderately wounded.
The bunyip is knocked back by the mystic blast.
The mystic blast hits Jorgrun!!
Jorgrun is severely wounded.
Jorgrun is knocked back by the mystic blast.
Jorgrun slams into the mangrove!
The mystic blast hits the bunyip!
The bunyip is severely wounded.
The bunyip is knocked back by the mystic blast.
The bunyip slams into the mangrove!
The mystic blast hits the eleionoma!!
The eleionoma is heavily wounded.
The eleionoma is knocked back by the mystic blast.
The eleionoma slams into the mangrove!
The eleionoma hits you but does no damage.
The bunyip claws you. The bunyip claws you!! The bunyip claws you.
Jorgrun casts a spell at you.
Your limbs have turned to stone.
You have turned to stone.
The eleionoma hits you. x2
Jorgrun casts a spell at you. The iron shot hits you!
The eleionoma hits you but does no damage.
The bunyip claws you!! The bunyip claws you! x2
Jorgrun gestures at you while chanting. You resist with some effort.
The eleionoma hits you but does no damage.
Jorgrun gestures at you while chanting.
The eleionoma hurls a spray of splinters at you.
The spray of wooden splinters hits you!!
Jorgrun hits you but does no damage.
The eleionoma hits you but does no damage.
The bunyip claws you!! x2
* * * LOW HITPOINT WARNING * * *
The bunyip claws you!!
* * * LOW HITPOINT WARNING * * *
Jorgrun barely misses you. The eleionoma hits you!
* * * LOW HITPOINT WARNING * * *
Jorgrun says, "May tha earth consume ye!"
Jorgrun hits you with a +0 vorpal quarterstaff!
You die...

♣♣♣ ♣ ♣♣≈♣♣ ♣♣♣♣♣♣ ♣♣
♣♣.≈.♣ ♣♣.♣Rx♣♣
≈♣♣♣♣.≈≈≈♣♣♣♣..≈@gx♣
≈≈....≈≈.≈.♣♣≈≈.##..≈♣
)≈.......≈....≈..##.≈≈.♣
≈≈.......♣....≈..)# ≈≈..
≈≈....≈≈.♣....≈♣..# ..≈
.§≈..≈≈≈≈≈.#...♣..(.. ..
.....≈≈≈§..#......#.. ≈
≈.§...≈≈≈≈..#...##.).♣
≈.≈...≈≈≈≈♣..#### .♣♣♣


You could see Jorgrun, 2 bunyips and an eleionoma.

Vanquished Creatures
  A tentacled monstrosity (Swamp:1)
  Roxanne (Swamp:2)
  An orc warlord (D:9)
  A stone giant (D:15)
  Nessos (Lair:6)
  2 eleionomae
  A vault guard (D:13)
  A naga warrior (Snake:1)
  Harold (Orc:1)
  5 boulder beetles
  An anaconda (Snake:1)
  8 hydras
  2 tengu warriors (D:14)
  6 two-headed ogres
  7 centaur warriors
  2 alligators
  A death knight (D:15)
  5 orc high priests (Orc:2)
  Urug (Lair:1)
  3 thrashing horrors (Lair:6)
  2 shock serpents (Snake:1)
  Nergalle (Lair:4)
  2 goliath frogs (Swamp:1)
  2 skeletal warriors (D:15)
  2 spriggan druids
  A bog body (Swamp:2)
  3 swamp dragons (Swamp:2)
  A phantasmal warrior (D:15)
  10 orc knights
  2 will-o-the-wisps (Swamp:1)
  19 ugly things
  3 cyclopes
  A mana viper (Lair:3)
  An orc sorcerer (D:9)
  2 manticores
  2 salamanders (Snake:1)
  An oklob plant (Lair:6)
  A guardian serpent (Snake:1)
  6 elephants (Lair:3)
  A naga mage (Snake:1)
  8 black mambas
  A large abomination (Lair:6)
  A gargoyle (D:13)
  A torpor snail (Lair:4)
  10 cane toads
  3 kobold demonologists (D:12)
  6 rime drakes
  A rime drake (shapeshifter) (D:13)
  11 komodo dragons
  An ancient zyme (Lair:6)
  A freezing wraith (D:15)
  A bloated husk (Swamp:2)
  3 polar bears
  A queen bee (Lair:2)
  8 trolls
  6 meliai (D:14)
  6 tyrant leeches
  2 hornets
  21 blink frogs
  6 slime creatures (D:12)
  Grinder (D:5)
  4 dream sheep (Lair:4)
  5 spriggans
  3 shadows
  3 wyverns
  2 ynoxinuls (Lair:6)
  A human (shapeshifter) (Lair:6)
  A wraith (D:13)
  68 yaks
  A hog (shapeshifter) (D:13)
  7 vampire mosquitoes (Swamp:1)
  3 chaos spawn (Lair:6)
  A warg (Orc:2)
  7 basilisks
  4 swamp worms
  An acid dragon (D:11)
  4 nagas
  13 small abominations (Lair:6)
  16 water moccasins
  Duvessa (D:6)
  An ice beast (D:5)
  2 sky beasts
  48 orc warriors
  4 black bears
  2 necrophages (D:5)
  3 ogres
  21 wolves
  19 centaurs
  2 kobold brigands
  3 phantoms
  Blork the orc (D:6)
  8 bullfrogs
  A gnoll sergeant (D:5)
  4 scorpions
  A water moccasin skeleton (D:5)
  Dowan (D:6)
  47 killer bees
  14 wights
  2 electric eels (Lair:1)
  6 howler monkeys
  A bullfrog zombie (D:6)
  4 centaur zombies
  5 jellies
  31 orc priests
  7 hounds
  3 iguanas (D:6)
  19 orc wizards
  2 howler monkey zombies
  13 gnolls
  8 adders
  2 shadow imps
  3 white imps
  An ufetubus (D:6)
  3 worms
  3 dart slugs
  92 orcs
  7 bats
  5 endoplasms
  2 giant cockroaches
  7 goblins
  2 hobgoblins
  16 kobolds
  3 quokkas
  6 ball pythons
  3 frilled lizards
  6 rats
  A bush (Lair:6)
803 creatures vanquished.

Vanquished Creatures (others)
  An orc wizard (D:15)
  A gnoll (Orc:2)
  An orc (Orc:2)
  A bush (Lair:3)
  35 foxfires (Swamp:1)
  75 fungi
  89 plants
203 creatures vanquished.

Grand Total: 1006 creatures vanquished

Notes
Turn   | Place    | Note
-------+----------+-------------------------------------------
     0 | D:1      | McKennaii the Demigod Conjurer began the quest for the Orb.
     0 | D:1      | Reached XP level 1. HP: 14/14 MP: 5/5
   310 | D:1      | You fall into a shaft and drop 1 floor!
   339 | D:1      | Reached XP level 2. HP: 19/20 MP: 2/8
   870 | D:2      | Learned a level 2 spell: Searing Ray
  1292 | D:2      | Reached XP level 3. HP: 26/26 MP: 2/10
  2586 | D:3      | Reached XP level 4. HP: 24/33 MP: 5/13
  3068 | D:3      | Reached XP level 5. HP: 38/38 MP: 10/15
  3335 | D:4      | Noticed a necrophage
  3353 | D:4      | Identified the +2 ring mail "Isa Ti Tyf" {rC+}
  3418 | D:4      | Reached skill level 5 in Spellcasting
  3556 | D:4      | Found Paihayze's Antique Armour Shoppe.
  3763 | D:4      | Noticed a spectral ugly thing
  3827 | D:5      | Entered Level 5 of the Dungeon
  4068 | D:5      | Found Fyirch's Antique Weapon Boutique.
  4089 | D:5      | Found Qiopeona's Jewellery Shop.
  4095 | D:5      | Noticed a black bear
  4099 | D:5      | Killed a black bear
  4100 | D:5      | Reached XP level 6. HP: 43/45 MP: 12/18
  4290 | D:5      | Reached skill level 5 in Conjurations
  4290 | D:5      | Reached XP level 7. HP: 50/50 MP: 12/19
  4756 | D:5      | Found Kikyipn's Jewellery Shop.
  4916 | D:5      | Found Gannogue's Distillery.
  5002 | D:5      | Bought a potion of heal wounds for 65 gold pieces
  5002 | D:5      | Bought a potion of curing for 39 gold pieces
  5002 | D:5      | Bought a potion of haste for 130 gold pieces
  5002 | D:5      | Bought a potion of lignification for 39 gold pieces
  5003 | D:5      | Found Anucreg's Jewellery Shoppe.
  5093 | D:5      | Reached XP level 8. HP: 57/57 MP: 13/20
  5165 | D:5      | Noticed Grinder
  5172 | D:5      | Killed Grinder
  6219 | D:6      | Noticed Blork the orc
  6223 | D:6      | Killed Blork the orc
  6229 | D:6      | Learned a level 4 spell: Iskenderun's Mystic Blast
  6439 | D:6      | Noticed Dowan
  6458 | D:6      | Killed Dowan
  6490 | D:6      | Reached skill level 10 in Conjurations
  6569 | D:6      | Noticed Duvessa
  6584 | D:6      | Reached XP level 9. HP: 60/62 MP: 6/21
  6585 | D:6      | Killed Duvessa
  7034 | D:7      | Found a staircase to the Ecumenical Temple.
  7231 | D:7      | Reached skill level 5 in Dodging
  8137 | D:8      | Noticed a two-headed ogre
  8144 | D:8      | Noticed a komodo dragon
  8145 | D:8      | Killed a two-headed ogre
  8146 | D:8      | Reached XP level 10. HP: 69/69 MP: 8/26
  8315 | D:8      | Identified the amulet of Dishonour {Reflect rN++ SH+5}
  8558 | D:8      | Found a staircase to the Lair.
  9160 | D:9      | Noticed a two-headed ogre
  9167 | D:9      | Killed a two-headed ogre
  9600 | D:9      | Reached skill level 10 in Dodging
 10245 | D:9      | Found a staircase to the Orcish Mines.
 10456 | D:10     | Entered Level 10 of the Dungeon
 11091 | D:10     | Found Veuzur's Magic Scroll Boutique.
 11096 | D:10     | Bought a scroll of teleportation for 36 gold pieces
 11096 | D:10     | Bought a scroll of fear for 42 gold pieces
 11096 | D:10     | Bought a scroll of summoning for 114 gold pieces
 11096 | D:10     | Bought a scroll of noise for 12 gold pieces
 11096 | D:10     | Bought a scroll of magic mapping for 42 gold pieces
 11096 | D:10     | Bought a scroll of identify for 24 gold pieces
 11096 | D:10     | Bought a scroll of identify for 24 gold pieces
 11109 | D:10     | Reached skill level 10 in Spellcasting
 11296 | D:10     | Reached XP level 11. HP: 74/74 MP: 18/29
 11694 | D:11     | Noticed a two-headed ogre
 11698 | D:11     | Noticed a two-headed ogre
 11701 | D:11     | Killed a two-headed ogre
 11707 | D:11     | Killed a two-headed ogre
 12176 | D:11     | Noticed a centaur warrior
 12333 | D:11     | Noticed an eight-headed hydra
 12339 | D:11     | Killed an eight-headed hydra
 12989 | D:11     | Killed a centaur warrior
 13658 | D:11     | Identified a scroll of acquirement
 13775 | D:12     | Noticed a boulder beetle
 13821 | D:11     | Killed a boulder beetle
 14013 | D:12     | Noticed a two-headed ogre
 14024 | D:12     | Killed a two-headed ogre
 14240 | D:12     | Reached XP level 12. HP: 68/81 MP: 1/30
 15026 | D:13     | Noticed a vault guard
 15125 | D:13     | Noticed a centaur warrior
 15134 | D:13     | Killed a centaur warrior
 15437 | D:13     | Noticed a boulder beetle
 15680 | D:13     | Identified the +2 hunting sling "Kobougik" {freeze, rC+
                  | Int+2}
 15868 | Lair:1   | Entered Level 1 of the Lair of Beasts
 16811 | Lair:1   | Noticed Urug
 16836 | Lair:1   | Killed Urug
 17363 | Lair:2   | Noticed a six-headed hydra
 17379 | Lair:2   | Killed a six-headed hydra
 17771 | Lair:2   | Noticed a five-headed hydra
 17779 | Lair:2   | Killed a five-headed hydra
 18907 | Lair:2   | Reached XP level 13. HP: 86/86 MP: 12/34
 19658 | Lair:3   | Found a staircase to the Snake Pit.
 19896 | Lair:3   | Found a staircase to the Swamp.
 20409 | Lair:3   | HP: 4/86 [poisoned by a black mamba]
 20414 | Lair:3   | HP: 4/86 [poisoned by a black mamba]
 20994 | Lair:3   | Identified the +10 war axe of Debt {chaos, rElec rPois
                  | Str-5 Int+6}
 21762 | Lair:4   | Noticed Nergalle
 21816 | Lair:4   | Killed Nergalle
 23286 | Lair:5   | Reached skill level 1 in Armour
 23584 | Lair:5   | Found a runed translucent door.
 24209 | Lair:5   | Found a staircase to the Slime Pits.
 24466 | Lair:6   | Entered Level 6 of the Lair of Beasts
 24771 | Lair:6   | Noticed Nessos
 24790 | Lair:6   | Killed Nessos
 24791 | Lair:6   | Reached skill level 15 in Spellcasting
 24973 | Lair:6   | Reached XP level 14. HP: 43/93 MP: 19/38
 25901 | Lair:6   | Got the Tome of Cloudy Conjuration
 25913 | Lair:6   | Learned a level 6 spell: Iron Shot
 26124 | Lair:6   | Reached skill level 1 in Earth Magic
 26676 | Lair:6   | Identified the ring "Kunnanam" {rF+ Dex+5}
 27119 | Lair:6   | Found a one-way gate to the infinite horrors of the Abyss.
 27390 | Lair:6   | Identified the +0 chain mail of Rinudine {Str+4 Dex+5}
 27880 | D:13     | Found a gate to the Vaults.
 29803 | D:15     | Entered Level 15 of the Dungeon
 29810 | D:15     | Reached skill level 5 in Earth Magic
 30222 | D:15     | Found Nocinao Sala's General Store.
 32037 | D:15     | Found a staircase to the Depths.
 32235 | D:15     | Reached XP level 15. HP: 62/99 MP: 25/39
 32320 | D:15     | Bought a scroll of teleportation for 36 gold pieces
 32320 | D:15     | Bought a scroll of summoning for 114 gold pieces
 32533 | D:15     | Acquired the +4 kite shield of the Zebra {rPois rF+ Dex+3}
 32715 | Orc:1    | Entered Level 1 of the Orcish Mines
 32723 | Orc:1    | Noticed Harold
 33114 | Orc:1    | Killed Harold
 33115 | Orc:1    | Reached skill level 1 in Shields
 33322 | Orc:1    | Paralysed by an orc sorcerer for 5 turns
 33786 | Orc:2    | Entered Level 2 of the Orcish Mines
 34441 | Orc:2    | Reached skill level 15 in Conjurations
 36434 | Orc:2    | Found a staircase to the Elven Halls.
 36471 | Orc:2    | Reached skill level 5 in Shields
 37762 | Orc:2    | Found Jeaqu's Jewellery Shop.
 37765 | Orc:2    | Found Pynkeg's Antique Armour Boutique.
 37766 | Orc:2    | Found Nimih's Armour Shop.
 37767 | Orc:2    | Found Wisaiwk's General Store.
 37773 | Orc:2    | Bought a scroll of blinking for 112 gold pieces
 37773 | Orc:2    | Bought a potion of mutation for 120 gold pieces
 37778 | Orc:2    | Bought a +0 pair of gloves of strength for 138 gold pieces
 38175 | Snake:1  | Entered Level 1 of the Snake Pit
 38661 | Snake:1  | Found Uttui's Antique Armour Emporium.
 38674 | Snake:1  | Bought a smoking helmet for 332 gold pieces
 38674 | Snake:1  | Identified the +0 helmet of Privacy {rC++ MP+9 Int-2} (You
                  | bought it in a shop on level 1 of the Snake Pit)
 38767 | Snake:1  | Noticed Aizul
 38974 | Swamp:1  | Entered Level 1 of the Swamp
 39216 | Swamp:1  | Noticed a tentacled monstrosity
 39223 | Swamp:1  | Killed a tentacled monstrosity
 40403 | Swamp:2  | Identified Roxanne's Papyrus of Transmigration
 40403 | Swamp:2  | Noticed Roxanne
 41471 | Swamp:2  | Killed Roxanne
 41782 | Swamp:2  | Noticed Jorgrun
 41796 | Swamp:2  | HP: 1/99 [eleionoma (8)]
 41796 | Swamp:2  | Slain by Jorgrun

Illustrated notes

Levels and vault maps discovered:
D:1:      amcnicky_arrival_underground_garden, layout_rooms,
          shapermc_ecumenical_altar_gd
D:2:      layout_rooms, serial_glass, glass_columns_b, glass_columns_a
D:3:      layout_loops_ring, mainiacjoe_overflow_catwalk_spiral
D:4:      layout_rooms, regret_index_temple_of_mockery, serial_shops,
          nicolae_shop_stone
D:5:      layout_loops_ring, amcnicky_altar_gilded, serial_shops, shop,
          nicolae_stop_n_shop_2, shop, shop, shop,
          chequers_serial_rivers_micro_a, uniq_grinder
D:6:      layout_basic, uniq_blork_the_orc, uniq_duvessa
D:7:      layout_loops_ring, minmay_temple_entry_waves, minmay_manual_monolith
D:8:      layout_cave_pools, overflow_temple_1_default,
          due_lair_maze_entry_diamond
D:9:      layout_irregular_city, elyvilon_altar_4, minmay_orc_entry_temple_small
D:10:     layout_stronghold, nicolae_wu_jian_immortal_techniques, serial_shops,
          shop
D:11:     layout_rooms, minmay_checkerbox
D:12:     layout_cave_pools, fedhas_altar_4
D:13:     layout_irregular_city, david_vaults_4
D:14:     layout_stronghold, chequers_serial_rivers_room_a
D:15:     grunt_enter_depths_giant_problem, layout_loops_ring,
          minmay_misc_feat_tower, serial_shops, nicolae_shop_statue_plus
Lair:1:   beast_lair_carwin_large_3, layout_long_grid,
          minmay_lair_oklob_chamber, serial_bayou_shore_a, uniq_urug
Lair:2:   layout_roguey [special_room_bee], small_statue_intersection,
          beast_lair_carwin_2, grunt_megastairs_4
Lair:3:   layout_cave_pods, minmay_swamp_entry_worms, dummy_snake_entry,
          grunt_megastairs_3, infiniplex_staircase_pool
Lair:4:   layout_cave_pods, infiniplex_staircase_pool_2, serial_bayou_shore_b,
          serial_bayou_shore_b, uniq_nergalle
Lair:5:   layout_small_grid, slime_altar_2
Lair:6:   hellmonk_lair_end_abyssal_woods, layout_gridlike,
          minmay_lair_oklob_items, uniq_nessos
Swamp:1:  nicolae_swamp_ascending_descending_big, layout_basic_swamp,
          evilmike_swamp_ruin_house_5
Swamp:2:  layout_basic_swamp, serial_swamp_ruin, evilmike_swamp_ruin_house_4,
          evilmike_swamp_ruin_house_2, swamp_pool1, uniq_roxanne, uniq_jorgrun
Snake:1:  layout_rooms, serial_shops, shop, shop, nicolae_shop_stone,
          shop_statue, shop, hangedman_snake_pattern, drop_trap, uniq_aizul
Orc:1:    layout_caves, mines2_lemuel, uniq_harold
Orc:2:    st_orc_pillars, layout_caves, nicolae_orc_rich_vein

Skill      XL: |  1  2  3  4  5  6  7  8  9 10 11 12 13 14 15 |
---------------+----------------------------------------------+-----
Spellcasting   | 2 3 4 5 6 7 10 12 15 | 15.0
Conjurations   | 5 7 10 12 14 15 | 15.0
Dodging        | 2 7 10 13 | 13.3
Armour         | 3 4 |  4.0
Earth Magic    | 5 6 |  6.2
Shields        | 9 |  9.2
Stealth        | |  1.7

Action                   |  1- 3 |  4- 6 |  7- 9 | 10-12 | 13-15 || total
-------------------------+-------+-------+-------+-------+-------++-------
Melee: Unarmed           |     6 |       |       |       |       ||     6
       Staff             |       |    12 |       |       |    11 ||    23
       Glaive            |       |       |       |       |    10 ||    10
       War axe           |       |       |       |       |    28 ||    28
 Cast: Magic Dart        |   114 |    74 |   157 |   220 |   352 ||   917
       Searing Ray       |     2 |    10 |    50 |   154 |   179 ||   395
       Iskenderun's Myst |       |       |     2 |    73 |   222 ||   297
       Iron Shot         |       |       |       |       |   190 ||   190
Evoke: Wand              |       |       |       |     9 |    13 ||    22
  Use: Scroll            |       |       |       |    13 |     8 ||    21
       Potion            |       |       |       |       |     1 ||     1
Armor: Robe              |     7 |     5 |    15 |    25 |       ||    52
       Troll leather arm |       |       |       |    37 |   114 ||   151
       Ring mail         |       |       |       |       |    33 ||    33
Dodge: Dodged            |    15 |    12 |    43 |   171 |   260 ||   501
Block: Other             |       |       |       |    41 |    78 ||   119
       Reflection        |       |       |       |     7 |    28 ||    35
       Kite shield       |       |       |       |       |    72 ||    72
       Buckler           |       |       |       |       |    58 ||    58
